 Dungeon Crawl Stone Soup version 0.30-a0-585-g93115170b9 (webtiles) character file.

Game seed: 12699847647221205855

5898 bmack86 the Cleaver (level 10, -9/90 HPs)
             Began as a Minotaur Fighter on Jan 2, 2023.
             Was a Priest of Okawaru.
             Mangled by a 15-headed hydra (11 damage)
             ... on level 8 of the Dungeon.
             The game lasted 00:22:23 (7564 turns).

bmack86 the Cleaver (Minotaur Fighter)              Turns: 7564, Time: 00:22:23

Health: -9/90      AC: 27    Str: 24    XL:     10   Next: 53%
Magic:  4/10       EV:  9    Int:  5    God:    Okawaru [***...]
Gold:   388        SH:  7    Dex: 11    Spells: 9/9 levels left

rFire   x . .      SeeInvis .    a - +1 war axe
rCold   + . .      Faith    .    c - +0 buckler
rNeg    . . .      Spirit   .    A - +6 plate armour of Charity {rElec rPois Regen+ Stlth-}
rPois   +          Reflect  .    (helmet restricted)
rElec   +          Harm     .    k - +1 cloak
rCorr   +          Rampage  .    I - +1 pair of gloves
Will    .....                    (no boots) Stlth
                                 (no amulet)
HPRegen 1.15/turn                q - ring of ice
MPRegen 0.12/turn                w - ring of resist corrosion

@: mighty, heroic, finesse-ful
A: horns 2, retaliatory headbutt
a: Renounce Religion, Heroism


You were on level 8 of the Dungeon.
You worshipped Okawaru.
Okawaru was most pleased with you.
You visited 2 branches of the dungeon, and saw 9 of its levels.
You also visited: Ossuary.

You collected 388 gold pieces.

Inventory:

Hand Weapons
 a - a +1 war axe (weapon)
 G - the +9 hammer "Kuito" {venom, MP+9 Str+2 Stlth+}
   (You found it on level 5 of the Dungeon)

   It poisons the flesh of those it strikes.
   Str:       It affects your strength (+2).
   MP:        It affects your magic capacity (+9).
   Stlth:     It makes you more stealthy.
Missiles
 e - 22 poisoned darts
 i - 3 boomerangs (quivered)
 o - 3 atropa-tipped darts
 y - 3 javelins
Armour
 b - a +1 cloak
 c - a +0 buckler (worn)
 k - a +1 cloak (worn)
 A - the +6 plate armour of Charity (worn) {rElec rPois Regen+ Stlth-}
   (You found it on level 7 of the Dungeon)

   rElec:     It insulates you from electricity.
   rPois:     It protects you from poison.
   Regen:     It increases your rate of health regeneration.
   Stlth:     It makes you less stealthy.
 I - a +1 pair of gloves (worn)
Jewellery
 q - a ring of ice (left hand)
 w - a ring of resist corrosion (right hand)
Wands
 l - a wand of flame (46)
 s - a wand of paralysis (9)
Scrolls
 h - 2 scrolls of fear
 p - a scroll of blinking
 r - 4 scrolls of teleportation
 t - a scroll of vulnerability
 u - 2 scrolls of identify
 B - a scroll of magic mapping
 C - a scroll of amnesia {unknown}
 H - 2 scrolls of enchant weapon
Potions
 d - a potion of might
 f - 2 potions of brilliance
 g - 9 potions of curing
 j - 4 potions of mutation
 m - 3 potions of attraction
 n - a potion of haste {unknown}
 v - a potion of berserk rage {unknown}
 x - 2 potions of heal wounds
 z - 2 potions of lignification
 D - a potion of degeneration {unknown}
 F - a potion of flight {unknown}


   Skills:
 + Level 8.6(13.6) Fighting
 * Level 11.3(16.3) Axes
 + Level 6.0(11.0) Throwing
 + Level 8.5(13.5) Armour
 + Level 8.6(13.6) Shields
 + Level 1.7 Invocations


You had 9 spell levels left.
You didn't know any spells.
Your spell library contained the following spells:

 Spells                   Type           Power      Damage    Failure   Level
 Sandblast                Erth           0%         2d4       99%         1
 Passwall                 Tmut/Erth      0%         N/A       100%        2
 Frozen Ramparts          Ice            0%         1d1       100%        3
 Portal Projectile        Hex/Tloc       0%         N/A       100%        3
 Stone Arrow              Conj/Erth      0%         3d7       100%        3
 Ice Form                 Ice/Tmut       0%         N/A       100%        4
 Leda's Liquefaction      Hex/Erth       0%         N/A       100%        4
 Call Canine Familiar     Summ           Unusable   N/A       N/A         3
 Summon Ice Beast         Ice/Summ       Unusable   N/A       N/A         4

Dungeon Overview and Level Annotations

Branches:
Dungeon (8/15)             Temple (1/1) D:4         Ossuary (visited)
   Lair: D:8-11

Altars:
Ashenzari
Cheibriados
Dithmenos
Elyvilon
Fedhas
Gozag
Kikubaaqudgha
Makhleb
Nemelex Xobeh
Okawaru
Qazlal
Sif Muna
Trog
Uskayaw
Vehumet
Wu Jian
Xom
Yredelemnul
Zin

Shops:
D:4 *


Innate Abilities, Weirdness & Mutations

You have a pair of horns on your head.
You reflexively headbutt those who attack you in melee.


Message History

* * * LOW HITPOINT WARNING * * *
The 11-headed hydra bites you but does no damage. x2
The 11-headed hydra bites you!
* * * LOW HITPOINT WARNING * * *
The 11-headed hydra bites you but does no damage. x3
The 11-headed hydra bites you!
* * * LOW HITPOINT WARNING * * *
You lop one of the 11-headed hydra's heads off!
The ten-headed hydra grows two more!
You slash the 12-headed hydra!
Your headbutt misses the 12-headed hydra.
The 12-headed hydra is lightly wounded.
You lop one of the 12-headed hydra's heads off!
The 11-headed hydra grows two more!
You hit the 13-headed hydra.
The 13-headed hydra is lightly wounded.
You hack one of the 13-headed hydra's heads off!
The 12-headed hydra grows two more!
You slice the 14-headed hydra!!
The 14-headed hydra is moderately wounded.
The 14-headed hydra closely misses you.
The 14-headed hydra bites you but does no damage. x2
The 14-headed hydra closely misses you.
The 14-headed hydra bites you but does no damage.
The 14-headed hydra closely misses you. The 14-headed hydra bites you.
* * * LOW HITPOINT WARNING * * *
You block the 14-headed hydra's attack. The 14-headed hydra misses you.
The 14-headed hydra bites you but does no damage. x2
The 14-headed hydra barely misses you. You block the 14-headed hydra's attack.
The 14-headed hydra bites you but does no damage.
You chop one of the 14-headed hydra's heads off!
The 13-headed hydra grows two more!
You hit the 15-headed hydra. You headbutt the 15-headed hydra!
The 15-headed hydra is moderately wounded.
You feel very mighty all of a sudden.
The 15-headed hydra bites you but does no damage.
The 15-headed hydra closely misses you.
The 15-headed hydra bites you but does no damage.
The 15-headed hydra closely misses you. The 15-headed hydra bites you.
* * * LOW HITPOINT WARNING * * *
The 15-headed hydra bites you but does no damage. x4
The 15-headed hydra bites you!
You die...

+ .# ##+##
#######
#...#[.)#...#####
#.@D'...#...†...#
#...#$.|#...###.#
##'#######†## #.#
#...#...#...#
#.###
#.).'..)'...#
#....
#...#...#...#
#####
##############
#.....# ########
#.....#


You could see a 15-headed hydra.

Vanquished Creatures
  A two-headed ogre (D:8)
  An ugly thing (D:8)
  A gargoyle (D:8)
  An efreet (D:8)
  A hornet (D:8)
  A slime creature (D:8)
  A steam dragon (D:7)
  A vampire mosquito (D:8)
  Menkaure (D:4)
  2 water moccasins
  4 hornet zombies (Ossuary)
  2 orc warriors
  2 ice beasts
  4 black bears
  A centaur (D:5)
  2 kobold brigands
  3 bullfrogs
  Blork the orc (D:5)
  4 wyvern zombies (Ossuary)
  A gnoll sergeant (D:8)
  2 scorpions
  A necrophage (D:6)
  2 water moccasin zombies (Ossuary)
  A howler monkey (D:7)
  5 centaur zombies (Ossuary)
  5 bullfrog zombies (Ossuary)
  A hound (D:7)
  3 jellies
  2 orc priests
  Crazy Yiuf (D:5)
  5 mummies (Ossuary)
  Ijyb (D:3)
  2 iguanas
  7 orc wizards
  3 killer bee zombies (Ossuary)
  A howler monkey zombie (Ossuary)
  7 gnolls
  7 adders
  2 shadow imps (D:7)
  2 worms
  4 dart slugs
  30 orcs
  7 bats
  A bat zombie (D:4)
  5 endoplasms
  2 giant cockroaches
  8 goblins
  7 hobgoblins
  4 jackals (D:4)
  14 kobolds
  4 quokkas
  7 ball pythons
  2 frilled lizards
  4 rats
  3 rat zombies (D:4)
197 creatures vanquished.

Vanquished Creatures (others)
  7 withered plants (Ossuary)
7 creatures vanquished.

Grand Total: 204 creatures vanquished

Notes
Turn   | Place    | Note
-------+----------+-------------------------------------------
     0 | D:1      | bmack86 the Minotaur Fighter began the quest for the Orb.
     0 | D:1      | Reached XP level 1. HP: 19/19 MP: 0/0
   103 | D:1      | Noticed a great orb of eyes
   105 | D:1      | Found a faded altar of an unknown god.
   109 | D:1      | Noticed an eye of devastation
   109 | D:1      | Noticed a golden eye
   109 | D:1      | Noticed a golden eye
   134 | D:1      | Reached XP level 2. HP: 23/27 MP: 1/1
   227 | D:1      | Reached skill level 3 in Axes
   396 | D:1      | You fall into a shaft and drop 1 floor!
   575 | D:2      | Reached XP level 3. HP: 33/33 MP: 2/2
  1087 | D:2      | Reached XP level 4. HP: 37/40 MP: 3/3
  1101 | D:2      | Reached skill level 4 in Axes
  1374 | D:2      | Identified the +1 ring mail of the Solstice {Harm}
  1718 | D:3      | Noticed Ijyb
  1733 | D:3      | Killed Ijyb
  1734 | D:3      | Reached XP level 5. HP: 17/47 MP: 4/4
  1927 | D:3      | Reached skill level 1 in Throwing
  2308 | D:3      | Found a radiant altar of Vehumet.
  2598 | D:4      | Found an ancient bone altar of Kikubaaqudgha.
  2672 | D:4      | Reached skill level 5 in Axes
  2672 | D:4      | Reached XP level 6. HP: 26/53 MP: 5/5
  2681 | D:4      | Found Qaibyli's Elemental Accessories.
  2813 | D:4      | Found a staircase to the Ecumenical Temple.
  2823 | Temple   | Entered the Ecumenical Temple
  2897 | D:4      | Found a glowing silver altar of Zin.
  2920 | D:4      | Found a stormy altar of Qazlal.
  3120 | D:4      | Noticed Menkaure
  3127 | D:4      | Killed Menkaure
  3128 | D:4      | Reached skill level 5 in Fighting
  3128 | D:4      | Reached skill level 5 in Armour
  3128 | D:4      | Reached skill level 5 in Shields
  3303 | D:5      | Entered Level 5 of the Dungeon
  3323 | D:5      | Reached XP level 7. HP: 30/61 MP: 6/6
  3338 | D:5      | Found an iron altar of Okawaru.
  3353 | D:5      | Became a worshipper of Warmaster Okawaru
  3431 | D:5      | Found a sand-covered staircase.
  3443 | Ossuary  | Entered an ossuary
  3456 | Ossuary  | Reached skill level 6 in Axes
  3472 | Ossuary  | Reached * piety under Okawaru
  3486 | Ossuary  | Reached skill level 7 in Axes
  3486 | Ossuary  | Reached XP level 8. HP: 44/70 MP: 7/7
  3809 | Ossuary  | Reached ** piety under Okawaru
  3847 | Ossuary  | Reached skill level 8 in Axes
  4297 | D:5      | Reached XP level 9. HP: 78/78 MP: 8/8
  4421 | D:5      | Found a runed translucent door.
  4422 | D:5      | Noticed Crazy Yiuf
  4618 | D:5      | Noticed Blork the orc
  4628 | D:5      | Killed Blork the orc
  4876 | D:5      | Killed Crazy Yiuf
  4991 | D:5      | Identified the +9 hammer "Kuito" {venom, MP+9 Str+2 Stlth+}
  5100 | D:6      | Reached skill level 9 in Axes
  5317 | D:6      | Reached *** piety under Okawaru
  5914 | D:7      | Found a shadowy altar of Dithmenos.
  5945 | D:7      | Found a sparkling altar of Nemelex Xobeh.
  5975 | D:7      | Identified the +5 flail "Boimpegufi" {freeze, rPois Int+2
                  | Stlth+}
  6014 | D:7      | Reached skill level 5 in Throwing
  6163 | D:7      | Found an opulent altar of Gozag.
  6192 | D:7      | Identified the +6 plate armour of Charity {rElec rPois
                  | Regen+ Stlth-}
  6321 | D:7      | Reached skill level 10 in Axes
  6896 | D:8      | Received a gift from Okawaru
  6898 | D:8      | Noticed a two-headed ogre
  6911 | D:8      | Killed a two-headed ogre
  6912 | D:8      | Reached XP level 10. HP: 14/88 MP: 6/9
  7008 | D:7      | Reached **** piety under Okawaru
  7232 | D:8      | Found a white marble altar of Elyvilon.
  7289 | D:8      | Found a basalt altar of Yredelemnul.
  7480 | D:8      | Noticed a brown ugly thing
  7487 | D:8      | Killed a brown ugly thing
  7487 | D:8      | Received a gift from Okawaru
  7488 | D:8      | Reached skill level 11 in Axes
  7507 | D:8      | Reached skill level 1 in Invocations
  7511 | D:8      | Noticed a gargoyle
  7525 | D:8      | Killed a gargoyle
  7549 | D:8      | Noticed a seven-headed hydra
  7564 | D:8      | HP: 2/90 [15-headed hydra (6)]
  7564 | D:8      | Mangled by a 15-headed hydra

Illustrated notes

Levels and vault maps discovered:
D:1:      lightli_arrival_windingriver, layout_rooms,
          hellmonk_ecumenical_altar_watching_god, minmay_misc_feat_tower,
          minmay_fountain_box
D:2:      minmay_wonky_spiral, layout_loops_ring, kennysheep_flooded_box
D:3:      layout_basic, overflow_temple_1_default, uniq_ijyb
D:4:      layout_cave_pools, zin_academy, grunt_qazlal_sundering,
          lemuel_zombie_altar_kikubaaqudgha, minmay_temple_entry_glass,
          nicolae_elemental_shop, uniq_menkaure
D:5:      layout_gridville, mainiacjoe_overflow_brackets,
          lightli_ossuary_entry_decrepit_ruins, item_on_display_a,
          uniq_blork_the_orc, uniq_crazy_yiuf_cottage
D:6:      layout_gridville
D:7:      layout_basic, nemelex_spade_bored_becter, nicolae_gozag_seed_capital,
          kennysheep_mini_moat
D:8:      layout_rooms, kennysheep_ying_yang, minmay_evil_grid
Temple:   nicolae_temple_cloud_nine

Skill      XL: |  1  2  3  4  5  6  7  8  9 10 |
---------------+-------------------------------+-----
Axes           | 3 4 5 7 8 10 11 | 11.3
Fighting       | 4 5 6 8 |  8.6
Shields        | 4 5 6 8 |  8.6
Armour         | 4 5 6 8 |  8.5
Throwing       | 1 2 3 4 5 6 |  6.0
Invocations    | 1 |  1.7

Action                   |  1- 3 |  4- 6 |  7- 9 | 10-12 || total
-------------------------+-------+-------+-------+-------++-------
Melee: War axe           |    70 |   110 |   284 |    85 ||   549
       Headbutt          |     8 |    14 |    61 |    27 ||   110
Throw: Boomerang         |       |    44 |     9 |    16 ||    69
Invok: Heroism           |       |       |     2 |     2 ||     4
       Finesse           |       |       |       |     1 ||     1
  Use: Scroll            |     5 |     5 |    11 |       ||    21
       Potion            |       |     1 |     1 |     1 ||     3
Armor: Scale mail        |    34 |    79 |   112 |       ||   225
       Plate armour      |       |       |    47 |    82 ||   129
Dodge: Dodged            |    41 |    70 |   123 |    38 ||   272
Block: Buckler           |    22 |    31 |    70 |    40 ||   163

Table legend: (Time is in decaauts)
 A = Elapsed time spent in this place.
 B = Non-inter-level travel time spent in this place.
 C = Inter-level travel time spent in this place.
 D = Time resting spent in this place.
 E = Time spent auto-exploring this place.
 F = Levels seen in this place.
 G = Mean time per level.
                   A        B        C        D        E       F      G
               +--------+--------+--------+--------+--------+-----+--------+
         Total |   7686 |   7370 |    316 |    488 |   4154 |  10 |  768.6 |
       Dungeon |   7005 |   6689 |    316 |    294 |   4017 |   8 |  875.6 |
        Temple |     47 |     47 |      0 |      0 |     31 |   1 |   47.0 |
       Ossuary |    632 |    632 |      0 |    194 |    105 |   1 |  632.0 |
               +--------+--------+--------+--------+--------+-----+--------+

Top non-repeatable levels by time:
     D:5: 1188 daAuts
     D:7: 1074 daAuts
     D:3: 960 daAuts
     D:2: 898 daAuts
     D:4: 846 daAuts
     D:6: 801 daAuts
 Ossuary: 632 daAuts
     D:1: 621 daAuts
     D:8: 613 daAuts
  Temple: 47 daAuts
